 Dungeon Crawl Stone Soup version 0.26.1 (webtiles) character file.

Game seed: 4301549816781843886

21 Descartes the Grasshopper (level 2, -1/26 HPs)
             Began as a Naga Warper on Feb 6, 2021.
             Slain by an adder (4 damage)
             ... on level 2 of the Dungeon.
             The game lasted 00:01:52 (1924 turns).

Descartes the Grasshopper (Naga Warper)             Turns: 1924, Time: 00:01:53

Health: -1/26      AC:  2    Str: 13    XL:     2   Next: 83%
Magic:  5/5        EV:  9    Int: 13    God:
Gold:   86         SH:  0    Dex: 10    Spells: 5/5 levels left

rFire    + . .     SeeInvis +   a - +0 falchion
rCold    . . .     Faith    .   (no shield)
rNeg     . . .     Spirit   .   b - +0 leather armour
rPois    +         Reflect  .   (no helmet)
rElec    .         Harm     .   (no cloak)
rCorr    +         Rampage  .   (no gloves)
Will     .....                  (no barding)
Stlth    +.........             (no amulet)
HPRegen  0.08/turn              g - ring of protection from fire
MPRegen  0.09/turn              h - ring of resist corrosion

@: lethally poisoned (-1 -> -3), very slow
A: large, see invisible, deformed body, poison resistance, slowness 2, spit
poison 1, AC +0
a: Spit Poison


You were on level 2 of the Dungeon.
You visited 1 branch of the dungeon, and saw 2 of its levels.

You collected 86 gold pieces.

Inventory:

Hand Weapons
 a - a +0 falchion (weapon)
Missiles
 e - 5 boomerangs of dispersal (quivered)
 f - 86 stones
 k - 2 throwing nets
 n - 2 silver boomerangs
 q - 13 arrows
Armour
 b - a +0 leather armour (worn)
 i - a +0 chain mail
Jewellery
 g - a ring of protection from fire (left hand)
 h - a ring of resist corrosion (right hand)
 v - a cursed ring of teleportation {unknown}
Scrolls
 d - a scroll of blinking
 j - a scroll of fear {unknown}
 m - 2 scrolls of identify {unknown}
 p - 3 scrolls of teleportation {unknown}
 r - 4 scrolls of remove curse {unknown}
 s - a scroll of amnesia {unknown}
 t - a scroll of fog {unknown}
 u - a scroll of enchant armour {unknown}
Potions
 c - a potion of haste {unknown}
 l - 2 potions of heal wounds {unknown}
 o - a potion of curing


   Skills:
 - Level 2.0 Fighting
 + Level 2.3 Long Blades
 - Level 0.8 Throwing
 - Level 0.7 Armour
 - Level 1.5 Dodging
 + Level 1.7 Stealth
 + Level 2.2 Spellcasting
 + Level 3.2 Translocations


You had 5 spell levels left.
You didn't know any spells.
Your spell library contained the following spells:

 Spells                   Type           Power        Failure   Level
 Blink                    Tloc           N/A          12%         2
 Gell's Gravitas          Tloc           4%           24%         3
 Lesser Beckoning         Tloc           4%           24%         3
 Teleport Other           Tloc           9%           24%         3
 Passage of Golubria      Tloc           N/A          63%         4


Dungeon Overview and Level Annotations

Branches:
Dungeon (2/15)

Altars:


Innate Abilities, Weirdness & Mutations

You cannot wear boots.
Your serpentine skin is tough. (AC +0)
You have supernaturally acute eyesight. (SInv)
Armour fits poorly on your strangely shaped body.
Your system is resistant to poisons. (rPois)
You cover ground very slowly.
You can spit poison.


Message History

You are too injured to fight recklessly!
You are too injured to fight recklessly!
You are too injured to fight recklessly!
You are too injured to fight recklessly!
You barely miss the adder.
The adder is heavily wounded.
The adder closely misses you.
You closely miss the adder.
The adder is heavily wounded.
You feel sick. The adder bites you.
* * * LOW HITPOINT WARNING * * *
The adder bites you.
* * * LOW HITPOINT WARNING * * *
You hit the adder.
The adder is almost dead.
The adder closely misses you.
You miss the adder.
The adder is almost dead.
The adder bites you.
You die...

#.#.# .. ... #.#†# ...
### #.#.# #.# #
#.#.######.# #
#..........# #
#.#####..........# #
#................# ##
.########.........# #.
......S@..........#####.
...######...............
#........######.
########## #. #. #. ...
... .#


You could see an adder.

Vanquished Creatures
  2 worms
  A ball python (D:2)
  3 goblins
  A hobgoblin (D:1)
  A quokka (D:2)
  A frilled lizard (D:2)
  2 kobolds
  3 rats (D:2)
14 creatures vanquished.

Notes
Turn   | Place    | Note
-------+----------+-------------------------------------------
     0 | D:1      | Descartes the Naga Warper began the quest for the Orb.
     0 | D:1      | Reached XP level 1. HP: 19/19 MP: 3/3
   943 | D:1      | Reached skill level 1 in Stealth
   943 | D:1      | Reached XP level 2. HP: 3/26 MP: 5/5
  1924 | D:2      | Slain by an adder

Illustrated notes

Levels and vault maps discovered:
D:1:      dpeg_arrival_simpleton_a, layout_basic
D:2:      layout_basic, minmay_misc_feat_rows

Skill      XL: |  1 |
---------------+----+-----
Stealth        | 1 |  1.7
Fighting       | |  2.0
Long Blades    | |  2.3
Throwing       | |  0.8
Armour         | |  0.7
Dodging        | |  1.5
Spellcasting   | |  2.2
Translocations | |  3.2

Action                   || total
-------------------------++-------
Melee: Falchion          ||    91
Armor: Chain mail        ||    21
       Leather armour    ||     8
Dodge: Dodged            ||    30
       Rpst.: Falchion   ||     5
